 Dungeon Crawl Stone Soup version 0.31-a0-667-g39726597b9 (webtiles) character file.

Game seed: 1883120169615385758

1515 GordonOverkill the Carver (level 8, -2/67 HPs)
             Began as a Barachi Delver on Sept 3, 2023.
             Was a Believer of Wu Jian.
             Slain by a yak (12 damage)
             ... on level 5 of the Dungeon on Sept 4, 2023.
             The game lasted 00:16:06 (5983 turns).

GordonOverkill the Carver (Barachi Delver)          Turns: 5983, Time: 00:16:07

Health: -2/67      AC: 16    Str: 15      XL:     8   Next: 83%
Magic:  8/8        EV:  5    Int: 11      God:    Wu Jian [**....]
Gold:   232        SH:  0    Dex: 12 (14) Spells: 7/7 levels left

rFire   . . .        b - +1 falchion
rCold   . . .        (no shield)
rNeg    . . .        q - +0 plate armour
rPois   .            o - +0 helmet
rElec   .            (no cloak)
rCorr   .            (no gloves)
SInv    +            t - +1 pair of boots
Will    .....        (no amulet) Stlth
                     p - ring of see invisible
HPRegen 0.31/turn    (no ring)
MPRegen 0.11/turn

%: no passive effects
@: slow
A: amphibious, slowness 1, strong legs 1, +LOS
a: Hop, Renounce Religion, Wall Jump


You were on level 5 of the Dungeon.
You worshipped Wu Jian.
Wu Jian was pleased with you.
You visited 2 branches of the dungeon, and saw 7 of its levels.

You collected 232 gold pieces.

Inventory:

Hand Weapons
 b - a +1 falchion (weapon)
Missiles
 w - a poisoned dart (quivered)
Armour
 o - a +0 helmet (worn)
 q - a +0 plate armour (worn)
 t - a +1 pair of boots (worn)
Jewellery
 p - a ring of see invisible (left hand)
Wands
 e - a wand of mindburst (3)
 g - a wand of digging (2)
 s - a wand of iceblast (8)
 x - a wand of flame (10)
Scrolls
 a - 2 scrolls of teleportation
 c - 2 scrolls of fog
 d - a scroll of revelation
 i - 3 scrolls of enchant weapon
 j - 2 scrolls of vulnerability {unknown}
 k - a scroll of immolation {unknown}
 m - a scroll of fear
 y - a scroll of silence {unknown}
 z - a scroll of identify
 A - a scroll of poison {unknown}
Potions
 f - 2 potions of haste
 h - 3 potions of might
 l - 2 potions of enlightenment
 n - 2 potions of attraction
 r - 2 potions of magic
 v - a potion of curing


   Skills:
 - Level 7.0 Fighting
 + Level 9.0 Long Blades
 - Level 1.0 Throwing
 - Level 6.0 Armour
 - Level 2.1 Dodging
 - Level 4.5 Stealth
 - Level 3.0 Evocations


You had 7 spell levels left.
You didn't know any spells.
Your spell library contained the following spells:

 Spells                   Type           Power      Damage    Failure   Level
 Kiss of Death            Conj/Necr      0%         2d5       100%        1
 Sandblast                Erth           0%         2d4       100%        1
 Passwall                 Tmut/Erth      0%         N/A       100%        2
 Sublimation of Blood     Necr           0%         N/A       100%        2
 Wereblood                Tmut           0%         N/A       100%        2
 Confusing Touch          Hex            0%         N/A       100%        3
 Stone Arrow              Conj/Erth      0%         3d7       100%        3
 Dispel Undead            Necr           0%         3d6       100%        4
 Irradiate                Conj/Tmut      0%         3d11      100%        5
 Summon Hydra             Summ           0%         N/A       100%        7


Dungeon Overview and Level Annotations

Branches:
Dungeon (6/15)             Temple (1/1) D:4

Altars:
Ashenzari
Cheibriados
Dithmenos
Gozag
Makhleb
Nemelex Xobeh
Okawaru
Qazlal
Ru
Trog
Uskayaw
Wu Jian
Xom
Yredelemnul
Zin
The Shining One

Annotations:
D:2 1 runed translucent door, Crazy Yiuf
D:3 3 runed translucent doors, Vontreibholz's ghost, novice MiFi
D:4 3 runed translucent doors, GreedOfGod's ghost, weakling DsBr


Innate Abilities, Weirdness & Mutations

You are amphibious.
You cover ground slowly.
You can hop short distances.
You have an extended range of vision and can be seen from far away.


Message History

Your Long Blades skill increases to level 9!
You hit the yak but do no damage. The yak gores you.
* * * LOW HITPOINT WARNING * * *
You hit the yak.
The yak is lightly wounded.
The yak gores you but does no damage.
You hit the yak.
The yak is lightly wounded.
You hit the yak.
The yak is moderately wounded.
The yak gores you but does no damage.
You slash the yak!
The yak is heavily wounded.
The yak gores you!
* * * LOW HITPOINT WARNING * * *
You hit the yak.
The yak is severely wounded.
The yak barely misses you.
You hit the yak.
The yak is severely wounded.
The yak gores you!
* * * LOW HITPOINT WARNING * * *
You barely miss the yak.
The yak is severely wounded.
The yak gores you.
* * * LOW HITPOINT WARNING * * *
You hit the yak but do no damage.
The yak is severely wounded.
The yak closely misses you.
You hit the yak.
The yak is almost dead.
The yak barely misses you.
You hit the yak but do no damage.
The yak is almost dead.
The yak gores you!
* * * LOW HITPOINT WARNING * * *
You hit the yak but do no damage.
The yak is almost dead.
The yak gores you!
You die...

##.......# #....#...#
###..##..### ##....##...#
##.....##.##. ######
###......#.....
###.##>######..............
###.....†##..##......#.......
#...........@##..>...........
#...........#Y...............
##.....#.#..#...##...........
###......#......#............
##...##.#....#..##.......#..#.
#.......#...###..).......#.##.
##.#...###..##......#.........
#.......#...#................#
##..#...#.............###....#


You could see a yak.

Vanquished Creatures
  2 yaks (D:5)
  A water moccasin (D:5)
  A black bear (D:5)
  A centaur (D:5)
  2 phantoms (D:5)
  2 scorpions (D:5)
  A wight (D:6)
  3 quasits (D:5)
  A hound (D:4)
  2 orc priests
  3 sleepcaps
  2 jellies
  An orc wizard (D:5)
  Robin (D:4)
  8 gnolls (D:4)
  6 adders
  A shadow imp (D:5)
  A white imp (D:6)
  2 ufetubi
  3 worms
  2 dart slugs
  14 orcs
  6 bats
  5 endoplasms
  2 giant cockroaches
  13 goblins
  11 hobgoblins
  3 jackals
  3 quokkas
  6 ball pythons
  8 kobolds
  4 rats
121 creatures vanquished.

Notes
Turn   | Place    | Note
-------+----------+-------------------------------------------
     0 | D:5      | GordonOverkill the Barachi Delver began the quest for the
                  | Orb.
     0 | D:5      | Reached XP level 1. HP: 18/18 MP: 1/1
    12 | D:5      | Noticed a phantom
    31 | D:3      | Noticed an orc priest
   217 | D:3      | Killed an orc priest
   218 | D:3      | Reached skill level 3 in Long Blades
   218 | D:3      | Reached skill level 4 in Long Blades
   218 | D:3      | Reached XP level 2. HP: 15/25 MP: 2/2
   218 | D:3      | Reached XP level 3. HP: 18/30 MP: 3/3
  1203 | D:1      | Reached XP level 4. HP: 37/37 MP: 4/4
  1359 | D:2      | Reached skill level 5 in Long Blades
  1553 | D:2      | Found a runed translucent door.
  1554 | D:2      | Noticed Crazy Yiuf
  2829 | D:3      | Found a glowing golden altar of the Shining One.
  2853 | D:3      | Reached skill level 5 in Fighting
  2853 | D:3      | Reached skill level 1 in Armour
  2853 | D:3      | Reached XP level 5. HP: 39/44 MP: 5/5
  2967 | D:3      | Found a snail-covered altar of Cheibriados.
  3066 | D:3      | Found a runed translucent gate.
  3066 | D:3      | Found a runed translucent gate.
  3068 | D:3      | Noticed Vontreibholz's ghost (novice MiFi)
  3069 | D:3      | Found a runed translucent gate.
  3069 | D:3      | Noticed a kobold brigand
  3344 | D:4      | Found a staircase to the Ecumenical Temple.
  3359 | Temple   | Entered the Ecumenical Temple
  3370 | Temple   | Became a worshipper of the Wu Jian Council
  3600 | D:4      | Noticed Robin
  3631 | D:4      | Reached XP level 6. HP: 45/51 MP: 6/6
  3646 | D:4      | Killed Robin
  3712 | D:4      | Found a runed translucent gate.
  3722 | D:4      | Found a runed translucent gate.
  3734 | D:4      | Noticed GreedOfGod's ghost (weakling DsBr)
  3775 | D:4      | Reached skill level 6 in Long Blades
  3791 | D:4      | Reached * piety under Wu Jian
  3792 | D:4      | Reached skill level 1 in Evocations
  3945 | D:4      | Found a runed translucent gate.
  4425 | D:5      | Noticed a black bear
  4437 | D:5      | Killed a black bear
  4438 | D:5      | Reached skill level 1 in Throwing
  4438 | D:5      | Reached XP level 7. HP: 49/58 MP: 7/7
  4514 | D:5      | Reached skill level 7 in Long Blades
  4844 | D:5      | Found an opulent altar of Gozag.
  5055 | D:5      | Reached XP level 8. HP: 65/67 MP: 8/8
  5102 | D:5      | Reached ** piety under Wu Jian
  5151 | D:5      | Reached skill level 5 in Armour
  5819 | D:6      | Noticed a yak
  5882 | D:6      | Noticed a yak
  5886 | D:6      | Noticed a yak
  5888 | D:6      | Noticed a yak
  5890 | D:6      | Noticed a yak
  5891 | D:6      | Noticed a yak
  5905 | D:5      | Killed a yak
  5906 | D:5      | Reached skill level 8 in Long Blades
  5971 | D:5      | Killed a yak
  5972 | D:5      | Reached skill level 9 in Long Blades
  5983 | D:5      | Slain by a yak

Illustrated notes

Levels and vault maps discovered:
D:1:      scummos_arrival_simple_fountains, layout_loops_corners,
          minmay_octomino_e4
D:2:      layout_loops_ring, uniq_crazy_yiuf_cottage
D:3:      layout_rooms, nicolae_tso_carved_into_rock,
          mainiacjoe_overflow_24_doors, gammafunk_ghost_nasty_kobolds
D:4:      layout_loops_ring, minmay_temple_entry_drinking_statues,
          gammafunk_ghost_icy, hangedman_abyss_or_decor_jellyfish_corner,
          uniq_robin
D:5:      cheibrodos_quashed, layout_cave_pools,
          nicolae_gozag_cash_rules_everything_around_me
D:6:      layout_rooms, mainiacjoe_overflow_surrounded_room,
          kennysheep_small_square
Temple:   compressed_dpeg_triangle_lava_temple

Skill      XL: |  1  2  3  4  5  6  7  8 |
---------------+-------------------------+-----
Fighting       | 4 5 6 7 |  7.0
Long Blades    | 4 5 6 7 9 |  9.0
Armour         | 1 3 4 6 |  6.0
Evocations     | 2 3 |  3.0
Throwing       | 1 |  1.0
Dodging        | |  2.1
Stealth        | |  4.5

Action                     |  1- 3 |  4- 6 |  7- 9 || total
---------------------------+-------+-------+-------++-------
  Melee: Falchion          |    84 |   320 |   235 ||   639
         Unarmed           |    10 |     2 |       ||    12
         Punch             |     2 |     4 |     1 ||     7
  Throw: Dart              |       |    11 |     9 ||    20
         Javelin           |       |       |    19 ||    19
Ability: Hop               |       |     1 |       ||     1
         Lunge             |       |    11 |     3 ||    14
         Whirlwind         |       |       |     5 ||     5
  Evoke: Wand              |       |     2 |     3 ||     5
    Use: Scroll            |       |     7 |     1 ||     8
   Stab: Sleeping          |     2 |     1 |       ||     3
 Armour: Leather armour    |    16 |       |       ||    16
         Scale mail        |    59 |    37 |       ||    96
         Plate armour      |       |   238 |   335 ||   573
  Dodge: Dodged            |    51 |    80 |   102 ||   233

Table legend: (Time is in decaauts)
 A = Elapsed time spent in this place.
 B = Non-inter-level travel time spent in this place.
 C = Inter-level travel time spent in this place.
 D = Time resting spent in this place.
 E = Time spent auto-exploring this place.
 F = Levels seen in this place.
 G = Mean time per level.
                   A        B        C        D        E       F      G
               +--------+--------+--------+--------+--------+-----+--------+
         Total |   6704 |   6293 |    411 |   1455 |   3120 |   7 |  957.7 |
       Dungeon |   6679 |   6278 |    401 |   1455 |   3120 |   6 | 1113.2 |
        Temple |     24 |     15 |      9 |      0 |      0 |   1 |   24.0 |
               +--------+--------+--------+--------+--------+-----+--------+

Top non-repeatable levels by time:
     D:2: 1544 daAuts
     D:4: 1413 daAuts
     D:5: 1358 daAuts
     D:1: 1175 daAuts
     D:3: 858 daAuts
     D:6: 328 daAuts
  Temple: 24 daAuts
